 Dungeon Crawl Stone Soup version 0.22.1-1-ga44c0e56f4 (webtiles) character file.

5698 Jynx the Frost Mage (level 10, -10/63 HPs)
             Began as a Merfolk Ice Elementalist on Nov 3, 2018.
             Was a Priest of Vehumet.
             Mangled by a two-headed ogre
             ... wielding a +0 giant club
              (22 damage)
             ... on level 8 of the Dungeon.
             The game lasted 00:31:29 (11812 turns).

Jynx the Frost Mage (Merfolk Ice Elementalist)     Turns: 11812, Time: 00:31:29

Health: -10/63     AC: 10    Str:  8    XL:     10   Next: 76%
Magic:  21/29      EV: 19    Int: 17    God:    Vehumet [***...]
Gold:   458        SH:  0    Dex: 16    Spells: 4/23 levels left

rFire    . . .     SeeInvis .   m - +0 trident
rCold    . . .     Gourm    .   (no shield)
rNeg     . . .     Faith    .   v - +0 robe {MR+}
rPois    .         Spirit   .   (no helmet)
rElec    .         Reflect  .   B - +0 cloak
rCorr    .         Harm     .   (no gloves)
MR       +....                  (no boots)
Stlth    ++........             (no amulet)
HPRegen  0.20/turn              d - ring of magical power
MPRegen  0.21/turn              (no ring)

@: icy armour
A: change form in water, swift swim, stealthy swim
a: Renounce Religion


You were on level 8 of the Dungeon.
You worshipped Vehumet.
Vehumet was most pleased with you.
You were hungry.

You visited 1 branch of the dungeon, and saw 8 of its levels.
You also visited: Bailey.

You collected 458 gold pieces.

Inventory:

Hand Weapons
 m - a +0 trident (weapon)
Armour
 j - a scarf of cloud immunity
 v - a +0 robe of magic resistance (worn)
 B - a +0 cloak (worn)
Jewellery
 d - a ring of magical power (left hand)
 z - an uncursed ring of fire
Wands
 b - a wand of digging (18)
 A - a wand of flame (34)
Scrolls
 f - 3 scrolls of blinking
 h - a scroll of random uselessness {unknown}
 k - 7 scrolls of identify
 l - a scroll of amnesia {unknown}
 s - 3 scrolls of enchant weapon {unknown}
 t - 4 scrolls of teleportation {unknown}
 y - a scroll of remove curse {unknown}
Potions
 e - a potion of mutation {unknown}
 g - 5 potions of heal wounds {unknown}
 i - 3 potions of ambrosia {unknown}
 n - 4 potions of curing {unknown}
 p - a potion of invisibility {unknown}
 q - 2 potions of degeneration {unknown}
 r - a potion of flight {unknown}
 u - a potion of haste {unknown}
 w - 2 potions of agility
 x - a potion of resistance {unknown}
Comestibles
 c - 7 rations


   Skills:
 - Level 9.1 Dodging
 - Level 2.2 Stealth
 + Level 7.3 Spellcasting
 - Level 0.7 Conjurations
 * Level 5.2 Summonings
 - Level 12.0 Ice Magic


You had 4 spell levels left.
You knew the following spells:

 Your Spells              Type           Power        Failure   Level  Hunger
a - Freeze                Ice            ####         1%          1    None
b - Ozocubu's Armour      Chrm/Ice       ####....     2%          3    ##.....
c - Throw Icicle          Conj/Ice       ####....     2%          4    ####...
d - Ensorcelled Hibernat  Hex/Ice        ####..       1%          2    None
e - Summon Ice Beast      Ice/Summ       #####...     3%          4    ####...
f - Magic Dart            Conj           #...         2%          1    None
g - Summon Lightning Spi  Summ/Air       ###.....     36%         4    ####...

Your spell library contained the following spells:

 Spells                   Type           Power        Failure   Level  Hunger
 Fulminant Prism          Conj/Hex       #.........   24%         4    ####...
 Summon Small Mammal      Summ           ###.         1%          1    None
 Call Imp                 Summ           ###.....     1%          2    None
 Throw Frost              Conj/Ice       ####..       1%          2    None
 Call Canine Familiar     Summ           ###.....     4%          3    ##.....
 Dazzling Spray           Conj/Hex       #.....       8%          3    ##.....
 Corona                   Hex            #......      12%         1    None
 Summon Guardian Golem    Hex/Summ       ###.....     12%         3    ##.....
 Confuse                  Hex            #.......     34%         3    ##.....
 Tukima's Dance           Hex            #.......     34%         3    ##.....


Dungeon Overview and Level Annotations

Branches:
Dungeon (8/15)             Temple (0/1) D:6            Lair (0/6) D:8

Altars:
Ashenzari
Gozag
Hepliaklqana
Kikubaaqudgha
Nemelex Xobeh
Okawaru
Vehumet
Xom
Yredelemnul
The Shining One

Shops:
D:7 *=

Annotations:
D:6 Menkaure


Message History

Confirm with . or Enter, or press ? or * to list all spells.
Aiming: Freeze (safe; 1% risk of failure)
Press: ? - help, Shift-Dir - straight line, f/p - two-headed ogre
Aim: a two-headed ogre, wielding two giant clubs (moderately wounded)
You freeze the two-headed ogre.
The two-headed ogre is heavily wounded.
You hear a bellow!
The two-headed ogre barely misses you.
The two-headed ogre hits you with a giant club!!
* * * LOW HITPOINT WARNING * * *
Casting: Freeze (safe; 1% risk of failure)
Confirm with . or Enter, or press ? or * to list all spells.
Aiming: Freeze (safe; 1% risk of failure)
Press: ? - help, Shift-Dir - straight line, f/p - two-headed ogre
Aim: a two-headed ogre, wielding two giant clubs (heavily wounded)
You freeze the two-headed ogre.
The two-headed ogre is severely wounded.
The two-headed ogre completely misses you.
The two-headed ogre hits you with a giant club!!
You die...

#.#.......>.......#
#.#....P..O.......#
....P.♣...........#
....P..♣......♣...#
...#.Y............#
.§.Y...Y..........#
.##Y..Y......P#.#
#.##.###.....###O#
.....# #..#### #@#
...#.# #.#######.#
.#.#.# #.).....).#
...#.# #.####....#
.###.# #.# #.##.#
..##.# #.# #.##.#
#....###.# #.##.#
#........# #.##.#
#.##..##.# #.##.#


You could see a two-headed ogre.

Vanquished Creatures
  Erica (D:8)
  Pikel (D:4)
  Eustachio (D:6)
  4 yaks (D:8)
  3 porcupines (D:8)
  A water moccasin (D:7)
  5 orc warriors
  A slave (D:4)
  A sky beast (D:7)
  2 ice beasts
  3 ogres
  2 black bears (D:7)
  4 centaurs
  A big kobold (D:8)
  A crocodile (D:8)
  3 bullfrogs
  11 killer bees (D:7)
  A wight (D:5)
  A howler monkey (D:7)
  2 crimson imps
  2 jellies
  Crazy Yiuf (D:7)
  A bullfrog skeleton (D:3)
  6 orc priests
  12 orc wizards
  An iguana (D:8)
  6 worker ants
  A hound zombie (D:5)
  A howler monkey skeleton (D:5)
  5 adders
  5 gnolls
  An adder skeleton (D:4)
  3 worms (D:2)
  2 dart slugs (D:1)
  6 leopard geckos
  20 orcs
  7 bats
  6 giant cockroaches
  8 goblins
  9 hobgoblins
  17 jackals
  18 kobolds
  5 frilled lizards
  A quokka skeleton (D:5)
  A quokka zombie (D:6)
  10 rats
204 creatures vanquished.

Vanquished Creatures (collateral kills)
  A hungry ghost (D:6)
  2 wights
3 creatures vanquished.

Vanquished Creatures (others)
  An adder (D:4)
  3 bushes (D:8)
  2 fungi (D:8)
  13 plants (D:8)
19 creatures vanquished.

Grand Total: 226 creatures vanquished

Notes
Turn   | Place    | Note
-------+----------+-------------------------------------------
     0 | D:1      | Jynx the Merfolk Ice Elementalist began the quest for the
                  | Orb.
     0 | D:1      | Reached XP level 1. HP: 13/13 MP: 3/3
   223 | D:1      | Reached XP level 2. HP: 18/19 MP: 1/5
   476 | D:1      | Reached skill level 4 in Ice Magic
   692 | D:1      | Reached XP level 3. HP: 24/24 MP: 1/6
   803 | D:1      | You fall through a shaft!
   854 | D:2      | Learned a level 3 spell: Ozocubu's Armour
  1842 | D:3      | Noticed a bullfrog
  1845 | D:3      | Reached XP level 4. HP: 27/30 MP: 2/7
  1956 | D:3      | Killed a bullfrog
  1956 | D:3      | Reached skill level 5 in Ice Magic
  1956 | D:3      | Reached XP level 5. HP: 11/35 MP: 1/9
  2208 | D:3      | Noticed a centaur
  2215 | D:3      | Killed a centaur
  2507 | D:3      | Reached XP level 6. HP: 41/41 MP: 8/10
  2513 | D:3      | Learned a level 4 spell: Throw Icicle
  2899 | D:3      | Reached skill level 6 in Ice Magic
  3430 | D:4      | Found a radiant altar of Vehumet.
  3646 | D:4      | Reached skill level 5 in Dodging
  3647 | D:4      | Found a shattered altar of Ashenzari.
  3774 | D:4      | Found a basalt altar of Yredelemnul.
  3778 | D:4      | Became a worshipper of Vehumet
  3870 | D:4      | Reached XP level 7. HP: 20/46 MP: 4/12
  4358 | D:4      | Noticed Pikel
  4387 | D:4      | Killed Pikel
  4387 | D:4      | Reached skill level 7 in Ice Magic
  4387 | D:4      | Reached XP level 8. HP: 27/52 MP: 8/14
  4589 | D:4      | Found an iron altar of Okawaru.
  4591 | D:4      | Found a radiant altar of Vehumet.
  4591 | D:4      | Found a shimmering altar of Xom.
  4593 | D:4      | Found a shimmering altar of Xom.
  4593 | D:4      | Found a hazy altar of Hepliaklqana.
  4593 | D:4      | Found an iron altar of Okawaru.
  4815 | D:4      | Learned a level 2 spell: Ensorcelled Hibernation
  4820 | D:4      | Learned a level 4 spell: Summon Ice Beast
  4834 | D:4      | Reached skill level 8 in Ice Magic
  5044 | D:5      | Entered Level 5 of the Dungeon
  5361 | D:5      | Reached * piety under Vehumet
  5361 | D:5      | Offered knowledge of Sting by Vehumet.
  5690 | D:5      | Found a sparkling altar of Nemelex Xobeh.
  6094 | D:6      | Noticed Eustachio
  6109 | D:6      | Killed Eustachio
  6109 | D:6      | Reached skill level 5 in Spellcasting
  6151 | D:6      | Reached skill level 9 in Ice Magic
  6271 | D:6      | Found a glowing golden altar of the Shining One.
  6469 | D:5      | Reached XP level 9. HP: 20/57 MP: 13/16
  6797 | D:6      | Found a hazy altar of Hepliaklqana.
  6797 | D:6      | Found a sparkling altar of Nemelex Xobeh.
  7087 | D:6      | Found a staircase to the Ecumenical Temple.
  7147 | D:6      | Found an opulent altar of Gozag.
  7584 | D:6      | Noticed Menkaure
  8126 | D:7      | Found Wisch's Jewellery Boutique.
  8126 | D:7      | Found a flagged portal.
  8142 | D:7      | Reached skill level 10 in Ice Magic
  8461 | Bailey   | Entered a bailey
  8485 | Bailey   | Noticed an orc warlord
  8680 | Bailey   | Offered knowledge of Magic Dart by Vehumet.
  8687 | Bailey   | Reached ** piety under Vehumet
  8728 | Bailey   | Found a runed gate.
  8730 | Bailey   | Found a runed gate.
  8731 | Bailey   | Found a runed gate.
  9218 | D:7      | Found an ancient bone altar of Kikubaaqudgha.
  9478 | D:6      | Learned a level 1 spell: Magic Dart
  9483 | D:6      | Learned a level 4 spell: Summon Lightning Spire
  9501 | D:6      | Reached skill level 11 in Ice Magic
  9594 | D:7      | Reached skill level 1 in Summonings
  9718 | D:7      | Found Unakhle's Assorted Antiques.
  9737 | D:7      | Reached XP level 10. HP: 63/63 MP: 19/19
  9919 | D:7      | Found a runed door.
  9953 | D:7      | Offered knowledge of Stone Arrow by Vehumet.
 10532 | D:7      | Noticed Crazy Yiuf
 10536 | D:7      | Paralysed by Crazy Yiuf for 7 turns
 10546 | D:7      | Killed Crazy Yiuf
 10878 | D:8      | Reached *** piety under Vehumet
 10881 | D:8      | Noticed Erica
 10895 | D:8      | Killed Erica
 10940 | D:8      | Noticed a two-headed ogre
 11398 | D:8      | Offered knowledge of Fulminant Prism by Vehumet.
 11406 | D:8      | Reached skill level 12 in Ice Magic
 11483 | D:8      | Found a staircase to the Lair.
 11502 | D:8      | Reached skill level 5 in Summonings
 11812 | D:8      | Mangled by a two-headed ogre

Skill      XL: |  1  2  3  4  5  6  7  8  9 10 |
---------------+-------------------------------+-----
Dodging        | 3 4 5 6 7 9 |  9.1
Ice Magic      | 4 5 6 7 9 11 12 | 12.0
Spellcasting   | 3 4 5 6 7 |  7.3
Summonings     | 1 5 |  5.2
Stealth        | |  2.2
Conjurations   | |  0.7

Action                   |  1- 3 |  4- 6 |  7- 9 | 10-12 || total
-------------------------+-------+-------+-------+-------++-------
Melee: Unarmed           |    41 |     7 |       |       ||    48
       Trident           |       |    14 |   138 |    31 ||   183
 Cast: Freeze            |    62 |    68 |   243 |   130 ||   503
       Ozocubu's Armour  |       |     5 |    26 |    12 ||    43
       Summon Ice Beast  |       |       |    14 |     2 ||    16
       Throw Icicle      |       |       |     3 |     2 ||     5
  Use: Scroll            |       |     3 |     3 |     1 ||     7
 Stab: Sleeping          |     2 |       |     9 |       ||    11
       Distracted        |     1 |       |       |       ||     1
  Eat: Chunk             |     4 |     7 |    22 |     3 ||    36
       Ration            |       |       |     2 |     1 ||     3
Armor: Robe              |    10 |     5 |    60 |    20 ||    95
Dodge: Dodged            |    58 |    54 |   338 |   117 ||   567
